 Dungeon Crawl Stone Soup version 0.30-a0-374-g95c0257040 (webtiles) character file.

Game seed: 1766758434615577450

1600 pokeman the Thaumaturge (level 8, 0/41 (44) HPs)
             Began as a Deep Elf Hedge Wizard on Nov 25, 2022.
             Slain by a wight
             ... wielding a +3 dire flail
              (5 damage)
             ... on level 6 of the Dungeon.
             The game lasted 00:11:14 (5355 turns).

pokeman the Thaumaturge (Deep Elf Hedge Wizard)     Turns: 5355, Time: 00:11:15

HP:   0/41 (44)     AC:  8    Str:  7    XL:     8   Next: 62%
MP:   15/24         EV: 12    Int: 28    God:
Gold: 328           SH:  0    Dex: 14    Spells: 20/28 levels left

rFire   . . .      SeeInvis +    o - +2 dagger (venom)
rCold   . . .      Faith    .    (no shield)
rNeg    . . .      Spirit   .    E - +0 leather armour
rPois   .          Reflect  .    a - +2 helmet
rElec   .          Harm     .    r - +0 cloak
rCorr   .          Rampage  .    (no gloves)
Will    .....                    g - +0 pair of boots
Stlth   ++........               b - amulet of regeneration
HPRegen 1.06/turn                n - +6 ring of intelligence
MPRegen 0.19/turn                l - ring of see invisible

@: drained
A: no striking features
a: no special abilities


You were on level 6 of the Dungeon.
You visited 2 branches of the dungeon, and saw 7 of its levels.

You collected 328 gold pieces.

Inventory:

Hand Weapons
 o - a +2 dagger of venom (weapon)
 q - a +3 quarterstaff of chaos
 w - a +0 arbalest
Missiles
 B - a throwing net
Armour
 a - a +2 helmet (worn)
 g - a +0 pair of boots (worn)
 r - a +0 cloak (worn)
 E - a +0 leather armour (worn)
Magical Staves
 t - a staff of poison
Jewellery
 b - an amulet of regeneration (around neck)
 k - a ring of willpower
 l - a ring of see invisible (right hand)
 n - a +6 ring of intelligence (left hand)
 p - a +6 ring of dexterity
Wands
 y - a wand of charming (22)
Scrolls
 c - a scroll of butterflies {unknown}
 i - a scroll of torment {unknown}
 j - a scroll of magic mapping {unknown}
 m - 3 scrolls of teleportation {unknown}
 s - 2 scrolls of poison {unknown}
 x - a scroll of enchant weapon {unknown}
 z - a scroll of brand weapon {unknown}
 A - a scroll of fear {unknown}
 C - a scroll of noise {unknown}
 F - a scroll of acquirement {unknown}
 H - a scroll of identify {unknown}
Potions
 d - a potion of magic
 e - a potion of mutation {unknown}
 f - 3 potions of flight {unknown}
 h - 3 potions of brilliance {unknown}
 u - 2 potions of curing {unknown}
 v - a potion of ambrosia {unknown}
 D - a potion of heal wounds {unknown}
 G - a potion of resistance {unknown}


   Skills:
 - Level 2.1 Fighting
 + Level 3.2 Armour
 - Level 3.0 Dodging
 - Level 3.3 Stealth
 * Level 10.5 Spellcasting
 + Level 5.6 Conjurations
 - Level 1.1 Summonings
 - Level 1.1 Translocations
 - Level 1.1 Air Magic
 - Level 1.0 Poison Magic
 - Level 1.2 Evocations


You had 20 spell levels left.
You knew the following spells:

 Your Spells              Type           Power      Damage    Failure   Level
a - Magic Dart            Conj           100%       1d8       1%          1
b - Mephitic Cloud        Conj/Pois/Air  29%        N/A       5%          3
c - Call Imp              Summ           20%        N/A       5%          2
d - Blink                 Tloc           40%        N/A       5%          2

Your spell library contained the following spells:

 Spells                   Type           Power      Damage    Failure   Level
 Apportation              Tloc           40%        N/A       3%          1
 Summon Small Mammal      Summ           80%        N/A       3%          1
 Necrotise                Necr           56%        1d6       5%          1
 Slow                     Hex            56%        N/A       5%          1
 Cigotuvi's Dreadful Rot  Necr/Pois/Air  36%        N/A       6%          2
 Ozocubu's Armour         Ice            14%        N/A       17%         3
 Ozocubu's Refrigeration  Ice            7%         4d9       100%        7


Dungeon Overview and Level Annotations

Branches:
Dungeon (6/15)             Temple (1/1) D:4

Altars:
Ashenzari
Cheibriados
Dithmenos
Elyvilon
Fedhas
Kikubaaqudgha
Makhleb
Nemelex Xobeh
Okawaru
Qazlal
Ru
Sif Muna
Trog
Uskayaw
Wu Jian
Xom
Yredelemnul
Zin
The Shining One


Message History

Aim: a wight, wielding a +3 dire flail and wearing a +0 robe (heavily damaged, 100% to hit)
The magic dart hits the wight but does no damage.
The wight is heavily damaged.
The wight hits you with a +3 dire flail.
Casting: Magic Dart (safe; 1% risk of failure)
Confirm with . or Enter, or press ? or * to list all spells.
Aiming: Magic Dart (safe; 1% risk of failure)
Press: ? - help, Shift-Dir - straight line, f/p - wight
Aim: a wight, wielding a +3 dire flail and wearing a +0 robe (heavily damaged, 100% to hit)
The magic dart hits the wight but does no damage.
The wight is heavily damaged.
The wight hits you with a +3 dire flail!
Casting: Magic Dart (safe; 1% risk of failure)
Confirm with . or Enter, or press ? or * to list all spells.
Aiming: Magic Dart (safe; 1% risk of failure)
Press: ? - help, Shift-Dir - straight line, f/p - wight
Aim: a wight, wielding a +3 dire flail and wearing a +0 robe (heavily damaged, 100% to hit)
The magic dart hits the wight.
The wight is severely damaged.
The wight hits you with a +3 dire flail!
You feel drained.
Casting: Magic Dart (safe; 1% risk of failure)
Confirm with . or Enter, or press ? or * to list all spells.
Aiming: Magic Dart (safe; 1% risk of failure)
Press: ? - help, Shift-Dir - straight line, f/p - wight
Aim: a wight, wielding a +3 dire flail and wearing a +0 robe (severely damaged, 100% to hit)
The magic dart hits the wight but does no damage.
The wight is severely damaged.
The wight closely misses you.
Casting: Magic Dart (safe; 1% risk of failure)
Confirm with . or Enter, or press ? or * to list all spells.
Aiming: Magic Dart (safe; 1% risk of failure)
Press: ? - help, Shift-Dir - straight line, f/p - wight
Aim: a wight, wielding a +3 dire flail and wearing a +0 robe (severely damaged, 100% to hit)
The magic dart hits the wight.
The wight is almost destroyed.
The wight hits you with a +3 dire flail!
* * * LOW HITPOINT WARNING * * *
You feel drained.
You die...

###.#
#.# #.#
#.# #.#
#.# #.#
#z# #@#
#.# #.#
#.# #.#
######.#
#......#
#.######
#.####


You could see a wight.

Vanquished Creatures
  A steam dragon (D:6)
  An ogre (D:4)
  A bullfrog (D:6)
  3 scorpions
  A necrophage (D:3)
  2 gnoll sergeants
  3 hounds
  5 orc priests
  Crazy Yiuf (D:2)
  4 iguanas (D:5)
  10 orc wizards
  3 adders
  17 gnolls
  A white imp (D:5)
  A worm (D:4)
  4 dart slugs
  20 orcs
  8 endoplasms
  5 giant cockroaches
  10 goblins
  3 hobgoblins
  6 kobolds
  A quokka (D:1)
  5 ball pythons
  4 bats
  3 frilled lizards
  4 rats
127 creatures vanquished.

Vanquished Creatures (collateral kills)
  Robin (D:2)
  An ufetubus (D:5)
  4 goblins (D:2)
  3 hobgoblins (D:2)
9 creatures vanquished.

Vanquished Creatures (others)
  A plant (D:4)
1 creature vanquished.

Grand Total: 137 creatures vanquished

Notes
Turn   | Place    | Note
-------+----------+-------------------------------------------
     0 | D:1      | pokeman the Deep Elf Hedge Wizard began the quest for the
                  | Orb.
     0 | D:1      | Reached XP level 1. HP: 10/10 MP: 7/7
   210 | D:1      | Reached XP level 2. HP: 6/16 MP: 0/9
   509 | D:1      | Found a faded altar of an unknown god.
   759 | D:1      | Reached skill level 5 in Spellcasting
  1044 | D:2      | Reached XP level 3. HP: 20/20 MP: 6/11
  1048 | D:2      | Learned a level 3 spell: Mephitic Cloud
  1051 | D:2      | Learned a level 2 spell: Call Imp
  1054 | D:2      | Learned a level 2 spell: Blink
  1237 | D:2      | Found a runed translucent door.
  1238 | D:2      | Noticed Crazy Yiuf
  1437 | D:2      | Reached skill level 1 in Armour
  1659 | D:2      | Noticed Robin
  1665 | D:2      | Reached skill level 1 in Fighting
  1676 | D:2      | Killed Robin
  1677 | D:2      | Reached XP level 4. HP: 23/25 MP: 5/13
  2100 | D:2      | Killed Crazy Yiuf
  2173 | D:3      | You fall into a shaft and drop 1 floor!
  2179 | D:4      | Found an iron altar of Okawaru.
  2244 | D:4      | Found a staircase to the Ecumenical Temple.
  2257 | Temple   | Entered the Ecumenical Temple
  2413 | D:4      | Found an ancient bone altar of Kikubaaqudgha.
  2413 | D:4      | Found a stormy altar of Qazlal.
  2414 | D:4      | Found a shimmering altar of Xom.
  2506 | D:3      | Reached skill level 6 in Spellcasting
  2506 | D:3      | Reached XP level 5. HP: 15/29 MP: 6/15
  2730 | D:3      | Found an ornate altar of the Wu Jian Council.
  2731 | D:3      | Found a hide-covered altar of Uskayaw.
  2733 | D:3      | Found a broken altar of Ashenzari.
  3394 | D:3      | Reached XP level 6. HP: 33/35 MP: 8/17
  3500 | D:4      | Reached skill level 7 in Spellcasting
  3671 | D:4      | Reached skill level 1 in Air Magic
  3671 | D:4      | Reached skill level 1 in Evocations
  3671 | D:4      | Reached XP level 7. HP: 25/40 MP: 13/20
  3849 | D:4      | Found a sparkling altar of Nemelex Xobeh.
  4351 | D:5      | Entered Level 5 of the Dungeon
  4371 | D:5      | Reached skill level 1 in Poison Magic
  4380 | D:5      | Reached skill level 8 in Spellcasting
  4680 | D:5      | Reached skill level 9 in Spellcasting
  4693 | D:5      | Reached XP level 8. HP: 36/44 MP: 8/23
  4959 | D:5      | Reached skill level 5 in Conjurations
  5158 | D:6      | Reached skill level 10 in Spellcasting
  5355 | D:6      | Slain by a wight

Illustrated notes

Levels and vault maps discovered:
D:1:      nagdon_arrival_zigzag_paths, layout_basic,
          shapermc_ecumenical_altar_acropolis
D:2:      layout_basic, uniq_robin, uniq_crazy_yiuf_cottage
D:3:      layout_loops_ring, chequers_temple_overflow_statue_of_worship,
          kennysheep_orc_chapel
D:4:      layout_basic, nemelex_diamond_rough_becter,
          gammafunk_temple_overflow_forgotten, kennysheep_okawaru_gauntlet,
          minmay_temple_entry_offerings
D:5:      layout_rooms
D:6:      layout_loops_ring, serial_shops, shop, kennysheep_crisscross
Temple:   jpeg_temple_clearing

Skill      XL: |  1  2  3  4  5  6  7  8 |
---------------+-------------------------+-----
Spellcasting   | 5 6 7 9 10 | 10.5
Armour         | 1 2 3 |  3.2
Conjurations   | 2 3 4 5 |  5.6
Fighting       | 1 2 |  2.1
Dodging        | 3 |  3.0
Stealth        | 3 |  3.3
Air Magic      | 1 |  1.1
Evocations     | 1 |  1.2
Poison Magic   | 1 |  1.0
Summonings     | |  1.1
Translocations | |  1.1

Action                   |  1- 3 |  4- 6 |  7- 9 || total
-------------------------+-------+-------+-------++-------
Melee: Dagger            |     6 |    46 |   135 ||   187
       Punch             |       |     1 |     3 ||     4
 Cast: Magic Dart        |    91 |    52 |    31 ||   174
       Call Imp          |     1 |     2 |     1 ||     4
       Mephitic Cloud    |       |     8 |    26 ||    34
       Blink             |       |     2 |       ||     2
 Stab: Confused          |       |     5 |    15 ||    20
       Sleeping          |       |       |     2 ||     2
Armor: Robe              |     4 |    13 |     2 ||    19
       Leather armour    |       |       |    23 ||    23
Dodge: Dodged            |    12 |    24 |    54 ||    90

Table legend: (Time is in decaauts)
 A = Elapsed time spent in this place.
 B = Non-inter-level travel time spent in this place.
 C = Inter-level travel time spent in this place.
 D = Time resting spent in this place.
 E = Time spent auto-exploring this place.
 F = Levels seen in this place.
 G = Mean time per level.
                   A        B        C        D        E       F      G
               +--------+--------+--------+--------+--------+-----+--------+
         Total |   5355 |   4929 |    426 |    112 |   3920 |   7 |  765.0 |
       Dungeon |   5265 |   4851 |    414 |    112 |   3855 |   6 |  877.5 |
        Temple |     89 |     77 |     12 |      0 |     65 |   1 |   89.0 |
               +--------+--------+--------+--------+--------+-----+--------+

Top non-repeatable levels by time:
     D:2: 1184 daAuts
     D:3: 1076 daAuts
     D:4: 1028 daAuts
     D:1: 972 daAuts
     D:5: 785 daAuts
     D:6: 217 daAuts
  Temple: 89 daAuts
